 Dungeon Crawl Stone Soup version 0.30-a0-591-g3c58d2bc28 (webtiles) character file.

Game seed: 1319071343168725271

620929 M4edhros the Peltast (level 25, -2/226 HPs)
             Began as an Octopode Artificer on Jan 5, 2023.
             Was the Champion of Cheibriados.
             Slain by Cerebov
             ... wielding the +6 sword of Cerebov {flame}
              (62 damage)
             ... in Pandemonium on Jan 6, 2023.
             The game lasted 03:26:01 (23013 turns).

M4edhros the Peltast (Octopode Artificer)          Turns: 23013, Time: 03:26:01

Health: -2/226     AC: 30    Str: 26    XL:     25   Next: 0%
Magic:  40/67      EV: 55    Int: 42    God:    Cheibriados [******]
Gold:   4757       SH: 35    Dex: 55    Spells: 7/51 levels left

rFire   + . .      SeeInvis .      - Unarmed
rCold   + + .      Faith    .    P - +3 tower shield of Grand Mirth {Drain rC+ Int+4 Dex+3}
rNeg    + + .      Spirit   .    Z - +0 hat of Kuaj {+Blink rN+ MP+9}
rPois   ∞          Reflect  .    w - amulet of regeneration
rElec   +          Harm     .    a - +5 ring of evasion
rCorr   +          Rampage  .    M - ring of protection from fire
Will    ++++.                    b - ring of the Real Monster {Will+ Dex+4}
Stlth   +++++++++                I - ring "Jyhatienyr" {rC+ MP+9 Int+4}
HPRegen 1.37/turn                g - ring "Bupahoru" {rCorr Int+3 Dex+4 Slay+3}
MPRegen 0.40/turn                c - +5 ring of evasion
                                 U - ring "Qucwer" {rC- Will++ MP+9 Str-2 Dex+9}
                                 x - ring of Ennical {Fly Str+2}

@: mighty, statue-form, resistant, fire vulnerable, forested, flying, studying 2
skills, very slow
A: slow and powerful, torment resistance 1, boosted hp, almost no armour,
amphibious, 8 rings, camouflage 1, (gelatinous body 1), (nimble swimmer 1),
tentacles, (iridescent scales 1), screaming 1, weak 1
}: 8/15 runes: serpentine, barnacled, slimy, silver, abyssal, demonic, glowing,
magical
a: End Transformation, Renounce Religion, Evoke Blink, Bend Time, Temporal
Distortion, Slouch, Step From Time


You were in Pandemonium.
You worshipped Cheibriados.
Cheibriados was exalted by your worship.
You were a living statue of rough stone.
You visited 11 branches of the dungeon, and saw 49 of its levels.
You visited Pandemonium 3 times, and saw 11 of its levels.
You visited the Abyss 3 times.
You also visited: Trove, Bailey, Gauntlet and Ice Cave.

You collected 6603 gold pieces.
You spent 1846 gold pieces at shops.

Inventory:

Hand Weapons
 f - the +5 sling "Quyliqes" {elec, *Corrode rN++ SInv Stlth+}
   (You found it on level 3 of the Elven Halls)

   rN:        It greatly protects you from negative energy.
   SInv:      It lets you see invisible.
   *Corrode:  It may corrode you when you take damage.
   Stlth:     It makes you more stealthy.
Missiles
 h - 17 curare-tipped darts (quivered)
 A - 4 atropa-tipped darts
 C - 10 javelins
Armour
 s - the -1 hat of Grot {rF+}
   (You acquired it on level 3 of the Crypt)

   rF:        It protects you from fire.
 y - a +1 tower shield of resistance
 L - the +18 shield of the Gong {rElec rN+ Will+ EV-5}
   (You found it in a treasure trove)

   It is deafeningly noisy when blocking attacks.
   EV:        It affects your evasion (-5).
   rElec:     It insulates you from electricity.
   rN:        It protects you from negative energy.
   Will:      It increases your willpower.
 P - the +3 tower shield of Grand Mirth (worn) {Drain rC+ Int+4 Dex+3}
   (You acquired it on level 3 of the Snake Pit)

   Int:       It affects your intelligence (+4).
   Dex:       It affects your dexterity (+3).
   rC:        It protects you from cold.
   Drain:     It drains your maximum health when unequipped.
 Z - the +0 hat of Kuaj (worn) {+Blink rN+ MP+9}
   (You found it in a treasure trove)

   rN:        It protects you from negative energy.
   MP:        It affects your magic capacity (+9).
   +Blink:    It lets you blink.
Jewellery
 a - a +5 ring of evasion (left tentacle)
 b - the ring of the Real Monster (on tentacle) {Will+ Dex+4}
   (You found it in Pandemonium)

   [ring of willpower]

   Dex:       It affects your dexterity (+4).
   Will:      It increases your willpower.
 c - a +5 ring of evasion (on tentacle)
 d - a ring of wizardry
 g - the ring "Bupahoru" (on tentacle) {rCorr Int+3 Dex+4 Slay+3}
   (You found it on level 5 of the Vaults)

   [ring of resist corrosion]

   Int:       It affects your intelligence (+3).
   Dex:       It affects your dexterity (+4).
   Slay:      It affects your accuracy & damage with ranged weapons and melee
   (+3).
   rCorr:     It protects you from acid and corrosion.
 w - an amulet of regeneration (around mantle)
 x - the ring of Ennical (on tentacle) {Fly Str+2}
   (You took it off an ironbound convoker on level 4 of the Vaults)

   [ring of flight]

   Str:       It affects your strength (+2).
   Fly:       It grants you flight.
 I - the ring "Jyhatienyr" (on tentacle) {rC+ MP+9 Int+4}
   (You found it in a treasure trove)

   [ring of protection from cold]

   Int:       It affects your intelligence (+4).
   rC:        It protects you from cold.
   MP:        It affects your magic capacity (+9).
 M - a ring of protection from fire (right tentacle)
 U - the ring "Qucwer" (on tentacle) {rC- Will++ MP+9 Str-2 Dex+9}
   (You found it on level 5 of the Pits of Slime)

   [ring of magical power]

   Str:       It affects your strength (-2).
   Dex:       It affects your dexterity (+9).
   rC:        It makes you vulnerable to cold.
   MP:        It affects your magic capacity (+9).
   Will:      It greatly increases your willpower.
 X - the ring of the Cursing Gods {rC+ Int+3}
   (You took it off a deep elf high priest on level 3 of the Elven Halls)

   [ring of protection from cold]

   Int:       It affects your intelligence (+3).
   rC:        It protects you from cold.
Wands
 B - a wand of flame (35)
 N - a wand of digging (1)
 O - a wand of acid (5)
 V - a wand of roots (20)
Scrolls
 e - 10 scrolls of fear
 i - 4 scrolls of silence
 m - 2 scrolls of poison
 o - 4 scrolls of teleportation
 p - a scroll of blinking
 G - 3 scrolls of amnesia
 J - 7 scrolls of immolation
 R - 2 scrolls of summoning
 S - 6 scrolls of fog
Potions
 j - 10 potions of curing
 k - 4 potions of mutation
 n - 2 potions of attraction
 q - 4 potions of berserk rage
 r - a potion of flight
 t - 3 potions of resistance
 v - 3 potions of cancellation
 z - a potion of magic
 D - 4 potions of ambrosia
 E - 4 potions of heal wounds
 F - 4 potions of might
 K - 3 potions of lignification
 Q - 7 potions of invisibility
 W - 8 potions of brilliance
Miscellaneous
 l - a condenser vane
 u - a condenser vane
 T - a phantom mirror
 Y - a box of beasts


   Skills:
 + Level 15.0 Fighting
 - Level 4.0 Short Blades
 + Level 16.3 Dodging
 * Level 14.5 Stealth
 + Level 19.4 Shields
 + Level 14.4 Unarmed Combat
 + Level 13.8 Spellcasting
 + Level 8.2 Conjurations
 - Level 15.0 Summonings
 - Level 10.0 Transmutations
 - Level 6.5 Air Magic
 + Level 12.9 Earth Magic
 - Level 8.0 Poison Magic
 - Level 12.0 Invocations
 - Level 7.0 Evocations


You had 7 spell levels left.
You knew the following spells:

 Your Spells              Type           Power      Damage    Failure   Level
a - Wereblood             Tmut           85%        N/A       1%          2
b - Spellforged Servitor  Conj/Summ      45%        N/A       16%         7
c - Summon Lightning Spi  Summ/Air       88%        N/A       1%          4
d - Passage of Golubria   Tloc           29%        N/A       22%         4
e - Ignite Poison         Fire/Tmut/Pois 68%        N/A       1%          3
f - Apportation           Tloc           58%        N/A       2%          1
g - Leda's Liquefaction   Hex/Erth       35%        N/A       1%          4
i - Summon Forest         Summ/Tloc      37%        N/A       3%          5
j - Statue Form           Tmut/Erth      60%        N/A       3%          6
k - Lehudib's Crystal Sp  Conj/Erth      43%        10d11     89%         8

Your spell library contained the following spells:

 Spells                   Type           Power      Damage    Failure   Level
 Sandblast                Erth           100%       2d20      0%          1
 Summon Small Mammal      Summ           100%       N/A       0%          1
 Call Canine Familiar     Summ           100%       N/A       0%          3
 Beastly Appendage        Tmut           100%       N/A       1%          1
 Foxfire                  Conj/Fire      100%       2x1d9     1%          1
 Kiss of Death            Conj/Necr      100%       2d13      1%          1
 Sting                    Tmut/Pois      100%       1d8       1%          1
 Cigotuvi's Dreadful Rot  Necr/Pois/Air  100%       N/A       1%          2
 Passwall                 Tmut/Erth      75%        N/A       1%          2
 Poisonous Vapours        Pois/Air       100%       N/A       1%          2
 Static Discharge         Conj/Air       100%       2-7/arc   1%          2
 Dazzling Flash           Conj/Hex       100%       N/A       1%          3
 Hailstorm                Conj/Ice       59%        3d13      1%          3
 Mephitic Cloud           Conj/Pois/Air  75%        N/A       1%          3
 Spider Form              Tmut/Pois      81%        N/A       1%          3
 Stone Arrow              Conj/Erth      100%       3d13      1%          3
 Summon Guardian Golem    Hex/Summ       75%        N/A       1%          3
 Swiftness                Air            70%        N/A       1%          3
 Vhi's Electric Charge    Tloc/Air       100%       N/A       1%          3
 Airstrike                Air            35%        2d(5-21)  1%          4
 Olgreb's Toxic Radiance  Pois           77%        N/A       1%          4
 Petrify                  Tmut/Erth      90%        N/A       1%          4
 Summon Ice Beast         Ice/Summ       75%        N/A       1%          4
 Alistair's Intoxication  Tmut/Pois      54%        N/A       1%          5
 Blade Hands              Tmut           42%        N/A       1%          5
 Irradiate                Conj/Tmut      41%        3d25      1%          5
 Summon Cactus Giant      Summ           50%        N/A       1%          6
 Freeze                   Ice            100%       1d10      2%          1
 Necrotise                Necr           100%       1d9       2%          1
 Slow                     Hex            100%       N/A       2%          1
 Kindle Blastsparks       Fire/Tloc/Air  94%        2d17      2%          3
 Iskenderun's Battlesphe  Conj           78%        2d13      2%          5
 Ensorcelled Hibernation  Hex/Ice        58%        N/A       3%          2
 Sublimation of Blood     Necr           29%        N/A       3%          2
 Arcjolt                  Conj/Air       37%        1d47      3%          5
 Lightning Bolt           Conj/Air       37%        1d55      3%          5
 Summon Mana Viper        Hex/Summ       75%        N/A       3%          5
 Flame Wave               Conj/Fire      59%        2d14      4%          4
 Iskenderun's Mystic Bla  Conj/Tloc      59%        2d12      4%          4
 Sticky Flame             Conj/Fire      59%        2d7       4%          4
 Iron Shot                Conj/Erth      43%        9d8       4%          6
 Monstrous Menagerie      Summ           50%        N/A       4%          7
 Summon Hydra             Summ           50%        N/A       4%          7
 Confusing Touch          Hex            29%        N/A       7%          3
 Frozen Ramparts          Ice            58%        1d9       7%          3
 Inner Flame              Hex/Fire       29%        N/A       7%          3
 Portal Projectile        Hex/Tloc       58%        N/A       7%          3
 Tukima's Dance           Hex            29%        N/A       7%          3
 Vampiric Draining        Necr           29%        2d8       7%          3
 Freezing Cloud           Conj/Ice/Air   31%        6-21      9%          5
 Yara's Violent Unravell  Hex/Tmut       31%        3d13      9%          5
 Eringya's Noxious Bog    Tmut/Pois      40%        N/A       9%          6
 Fireball                 Conj/Fire      29%        3d13      12%         5
 Silence                  Hex/Air        27%        N/A       17%         5
 Conjure Ball Lightning   Conj/Air       37%        3x3d12    17%         6
 Anguish                  Hex/Necr       14%        N/A       22%         4
 Animate Dead             Necr           29%        N/A       22%         4
 Dispel Undead            Necr           29%        3d13      22%         4
 Dragon Form              Tmut           42%        N/A       32%         7
 Agony                    Necr           29%        N/A       54%         5
 Metabolic Englaciation   Hex/Ice        14%        N/A       54%         5
 Starburst                Conj/Fire      29%        6d9       54%         6
 Orb of Destruction       Conj           39%        9d11      54%         7
 Storm Form               Tmut/Air       39%        N/A       54%         7
 Haunt                    Necr/Summ      37%        N/A       65%         7
 Death Channel            Necr           14%        N/A       98%         6
 Simulacrum               Ice/Necr       14%        N/A       98%         6
 Enfeeble                 Hex            14%        N/A       100%        7
 Ignition                 Fire           14%        3d6       100%        8
 Infestation              Necr           14%        N/A       100%        8
 Maxwell's Capacitive Co  Air            35%        ∞         100%        8
 Polar Vortex             Ice            14%        N/A       100%        9
 Animate Armour           Summ/Erth      Unusable   N/A       N/A         4

Dungeon Overview and Level Annotations

Branches:
Dungeon (15/15)            Temple (1/1) D:7            Lair (5/5) D:9
 Shoals (4/4) Lair:2        Snake (4/4) Lair:2        Slime (5/5) Lair:5
    Orc (2/2) D:11            Elf (3/3) Orc:2        Vaults (5/5) D:13
  Crypt (3/3) Vaults:3       Tomb (0/3) Crypt:3      Depths (2/4) D:15
 Bailey (visited)           IceCv (visited)         Gauntlet (visited)

Altars:
Ashenzari
Cheibriados
Dithmenos
Elyvilon
Fedhas
Gozag
Hepliaklqana
Kikubaaqudgha
Makhleb
Nemelex Xobeh
Okawaru
Qazlal
Ru
Sif Muna
Trog
Uskayaw
Vehumet
Wu Jian
Xom
Yredelemnul
Zin
The Shining One
Jiyva

Shops:
D:4 :[   D:14 (   Orc:1 !   Orc:2 ::(*   Elf:2 :   Snake:3 [=

Portals:
Pandemonium: Depths:2

Annotations:
D:5 3 runed translucent doors, degerharde's ghost, novice MiMo
D:8 exclusion: ice statue
D:9 2 runed translucent doors, LetschGu's ghost, novice DrTm
D:12 exclusion: skeletal warrior
Temple 2 transporters
Lair:1 3 runed translucent doors, Hacuesm's ghost, journeyman TeBe
Crypt:3 Khufu; Zenata
Pan Cerebov


Innate Abilities, Weirdness & Mutations

You are a living statue of rough stone.
Your actions are slow, but your melee attacks are powerful.
You are resistant to unholy torment.
Your maximum health is greatly increased.
You are immune to poison.
You cannot wear most types of armour.
You are amphibious.
You can wear up to eight rings at the same time.
Your skin changes colour to match your surroundings (Stealth+).
((Your rubbery body absorbs attacks. (AC +1, EV +1)))
((You are camouflaged when in or above water. (Stealth+)))
You have tentacles for arms and can constrict up to eight enemies at once.
((You are partially covered in iridescent scales. (AC +2)))
You occasionally shout uncontrollably at your foes.
You are weak. (Str -2)


Message History

The sun demon hits your lightning spire!!
Your lightning spire is destroyed!
Your lightning spire disappears in a puff of smoke!
Cerebov completely misses you.
The sun demon shouts!
Activating: Slouch (1% risk of failure)
Press: ? - help, Dir - look around, f - activate You can feel time thicken for a moment.
You kill the sun demon!
Cheibriados thoroughly appreciates the change of pace.
You kill the sun demon!
Cheibriados thoroughly appreciates the change of pace.
The fire vortex dissipates!
You block Cerebov's attack. You block the balrug's attack.
Cerebov completely misses you. You block the Brimstone Fiend's attack.
The Brimstone Fiend completely misses you.
The Brimstone Fiend misses you. You block the balrug's attack.
You thrash the Brimstone Fiend!!!!
You kill the Brimstone Fiend!
Cheibriados appreciates the change of pace.
You block Cerebov's attack. The balrug gestures at you.
The fireball explodes!
The fireball engulfs you. You resist.
The fireball engulfs the balrug.
The balrug completely resists.
The fireball engulfs Cerebov.
Cerebov completely resists.
You block Cerebov's attack.
You hear a shout!
You have reached level 25!
You feel clever.
You thrash Cerebov!!! You squeeze Cerebov!!
Cerebov is moderately wounded.
Cerebov gestures at you. The iron shot misses you. The balrug gestures at you.
The bolt of fire misses you. The balrug gestures at you. Something smites you!
* * * LOW HITPOINT WARNING * * *
Cerebov hits you with the +6 sword of Cerebov {flame}!!!
You die...

#.|:# #}}. #).)# #"$}
#[::# #):) ##+♣# ##'##
##'#
§...§###♣##≈.§♣######≈.≈
§.♣.§≈♣§≈§§≈.≈≈≈§≈≈§≈§)§
......'..♣.°........)..)
......2.......♣.........
§.....&8♣°..§§..........
≈...§≈#§≈≈§§.§≈≈≈≈§§≈≈.≈
≈...§ ♣♣###§)≈♣######≈.≈
♣#+# ##'♣# ##'# $$$#
#$$$ #$)$# #$$$ #$$$#
#$$$ ##### ####


You could see Cerebov (fast) and a balrug.

Vanquished Creatures
  the Royal Jelly (Slime:5)
  A seraph (Pan)
  2 dread liches (Vaults:4)
  Mara (Vaults:3)
  3 pandemonium lords (Pan)
  Boris (Vaults:3)
  Bai Suzhen (Shoals:4)
  A curse toe (Crypt:3)
  2 golden dragons (Vaults:4)
  the Enchantress (Depths:1)
  A bone dragon (Abyss:4)
  A pearl dragon (Pan)
  Rupert (D:13)
  A hellephant (Abyss:4)
  A Brimstone Fiend (Pan)
  2 Tzitzimimeh (Pan)
  A Hell Sentinel (Pan)
  2 tentacled monstrosities (Vaults:4)
  2 liches (Crypt:3)
  2 deep elf blademasters (Elf:3)
  Asterion (Vaults:2)
  2 titans (Vaults:4)
  3 deep elf master archers (Elf:3)
  13 acid blobs
  5 tentacled starspawn
  2 Executioners (Pan)
  2 eldritch tentacles (Abyss:4)
  The ghost of Wacat the Cleaver, an adept TrFi of Uskayaw (Snake:4)
  3 ancient champions (Crypt:3)
  4 sphinxes
  4 shadow dragons (Vaults:4)
  Frances (D:13)
  Agnes (Snake:1)
  2 tengu reavers (Vaults:4)
  2 storm dragons
  6 nagarajas (Snake:4)
  3 demonspawn warmongers (Pan)
  9 azure jellies
  2 frost giants
  8 rockslimes
  A fire giant (D:15)
  9 daevas (Pan)
  7 balrugs (Pan)
  4 deep elf sorcerers
  8 vault wardens
  5 cacodemons (Pan)
  4 deep elf elementalists (Elf:3)
  6 demonspawn blood saints (Pan)
  3 orc warlords
  2 war gargoyles
  2 curse skulls
  A draconian annihilator (Pan)
  12 stone giants
  2 demonspawn corrupters (Pan)
  8 angels
  11 very ugly things
  3 spriggan defenders
  6 quicksilver oozes
  15 apis (Pan)
  9 ironbound preservers
  2 vampire knights
  3 ophanim (Pan)
  3 ironbound thunderhulks
  4 reapers
  7 deep elf demonologists
  4 deep elf annihilators
  4 lorocyprocas (Pan)
  3 demonspawn black suns (Pan)
  18 dire elephants
  A minotaur (Gauntlet)
  A white draconian (Abyss:3)
  4 eidola
  7 blizzard demons
  6 ettins
  A crystal guardian (Vaults:4)
  5 jiangshi (Crypt:1)
  4 fire dragons (Depths:1)
  12 deep elf death magi
  4 merfolk impalers
  Josephine (D:11)
  6 green deaths (Pan)
  2 entropy weavers
  4 deep elf high priests
  11 yaktaur captains
  7 great orbs of eyes
  2 ice dragons
  3 rakshasas (Depths:1)
  Fannar (D:10)
  A hydra (Lair:5)
  3 hell beasts (Pan)
  A salamander tyrant (Snake:4)
  A death knight (Crypt:1)
  3 anacondas
  2 merfolk avatars (Shoals:4)
  4 ogre magi
  A peacekeeper (Vaults:4)
  7 two-headed ogres
  28 vault guards
  8 boulder beetles
  2 spriggan skeletons
  3 merfolk aquamancers (Shoals:4)
  3 spriggan air magi
  5 dancing weapons
  A catoblepas (Lair:4)
  7 ironbound frosthearts
  22 centaur warriors
  5 tengu warriors
  5 vampire magi
  A quicksilver ooze zombie (Crypt:1)
  13 naga sharpshooters
  16 naga warriors
  2 orc high priests (Abyss:3)
  2 thrashing horrors (Abyss:3)
  11 soul eaters
  Sonja (D:10)
  2 shock serpents (shapeshifter)
  A spriggan berserker (Depths:1)
  22 sun demons (Pan)
  6 shock serpents
  A fire crab (shapeshifter) (Vaults:5)
  A deep elf knight (Elf:1)
  2 salamander mystics (Snake:4)
  24 skeletal warriors
  A wretched star (Abyss:4)
  A shadow wraith (Vaults:4)
  5 glowing orange brains
  10 cherubim (Pan)
  8 sixfirhies
  7 sea snakes
  5 naga ritualists
  A spark wasp zombie (Depths:2)
  2 shadow demons (Abyss:3)
  17 deep trolls
  A flayed ghost (Crypt:1)
  11 lindwurms
  9 wizards
  19 ironbound convokers
  3 deep elf archers
  Pikel (D:8)
  2 harpies (Lair:2)
  5 phantasmal warriors
  11 deep elf pyromancers
  A harpy (shapeshifter) (Vaults:4)
  3 necromancers
  10 ugly things
  12 deep elf zephyrmancers
  8 mana vipers
  A fire giant zombie (Depths:2)
  9 orc sorcerers
  5 orc knights
  A manticore (shapeshifter) (Vaults:4)
  A manticore (Shoals:3)
  A tengu skeleton (Vaults:3)
  A cyclops (D:11)
  A worldbinder (Abyss:3)
  Maurice (D:11)
  2 sphinx skeletons
  9 salamanders
  2 merfolk sirens (Shoals:4)
  5 guardian serpents
  4 human skeletons
  A stone giant skeleton (Vaults:3)
  5 vault sentinels
  4 elephants
  2 ice statues (IceCv)
  6 naga magi
  A torpor snail (Lair:4)
  A centaur skeleton (Crypt:1)
  2 gargoyles (D:14)
  15 black mambas
  Maggie (Lair:2)
  3 cane toads
  An eye of devastation (Gauntlet)
  14 smoke demons
  A red draconian zombie (Crypt:1)
  3 kobold demonologists
  A freezing wraith (Crypt:1)
  3 tormentors (Pan)
  2 hellions (Pan)
  5 efreet
  25 yaktaurs
  3 komodo dragons
  An orange demon (Pan)
  3 rime drakes
  A komodo dragon (shapeshifter) (D:13)
  2 yaktaur skeletons (Vaults:3)
  6 guardian mummies
  2 anaconda simulacra
  A harpy zombie (Crypt:1)
  7 ice devils
  2 polar bears
  6 hornets
  A tengu conjurer (D:15)
  3 meliai (D:15)
  A troll (shapeshifter) (Vaults:4)
  3 merfolk (Shoals:4)
  6 trolls
  2 wind drakes
  2 ancient zymes
  7 hellwings
  A raiju (shapeshifter) (D:12)
  A snapping turtle (Shoals:4)
  16 blink frogs
  10 dream sheep
  4 raiju (Abyss:3)
  20 slime creatures
  A dire elephant simulacrum (IceCv)
  A jumping spider (shapeshifter) (Elf:1)
  Sigmund (D:6)
  12 flying skulls
  A frost giant simulacrum (Depths:2)
  An ettin skeleton (Vaults:3)
  An air elemental (Elf:2)
  7 wraiths
  2 wyverns
  10 spriggans (Lair:5)
  3 water elementals
  9 ynoxinuls
  31 yaks
  A vampire (Abyss:3)
  5 golden eyes
  Grum (Lair:1)
  2 basilisks
  3 chaos spawn
  2 steam dragons
  4 vampire mosquitoes (D:14)
  A redback (shapeshifter) (D:13)
  A redback (Vaults:4)
  6 neqoxecs
  9 wargs
  2 elf skeletons (Vaults:3)
  5 acid dragons
  A demonspawn zombie (Crypt:1)
  22 nagas
  7 water moccasins
  A hydra simulacrum (IceCv)
  18 large abominations
  A floating eye (Gauntlet)
  A sky beast (D:7)
  15 orc warriors
  6 black bears
  A tengu (shapeshifter) (D:14)
  7 ogres
  18 centaurs
  11 boggarts
  2 small abominations
  8 starcursed masses
  33 wolves
  3 lemures (D:8)
  8 kobold brigands
  A salamander skeleton (Crypt:1)
  10 bullfrogs
  An earth elemental (Elf:2)
  7 scorpions
  3 two-headed ogre simulacra (IceCv)
  A necrophage (D:7)
  2 gnoll sergeants
  9 wights
  10 killer bees
  3 electric eels
  A gnoll bouda (D:10)
  2 hounds
  A human zombie (Crypt:1)
  An iron imp (D:13)
  4 jellies
  6 orc priests
  Jessica (D:3)
  A bullfrog skeleton (Crypt:1)
  Ijyb (D:5)
  2 iguanas
  23 orc wizards
  A troll simulacrum (IceCv)
  A polar bear simulacrum (IceCv)
  4 spriggan simulacra
  2 wolf simulacra (IceCv)
  4 mummies (Crypt:1)
  9 gnolls
  6 adders
  A shadow imp (D:7)
  5 white imps
  6 ufetubi
  A worm (D:4)
  A dart slug (D:3)
  62 orcs
  5 bats
  5 endoplasms
  2 giant cockroaches (D:1)
  3 goblins
  4 hobgoblins
  4 jackals (D:1)
  4 quokkas
  3 ball pythons
  3 frilled lizards
  13 kobolds
  6 rats
  A ball lightning (Pan)
  A fire vortex (Pan)
  3 starspawn tentacles
1505 creatures vanquished.

Vanquished Creatures (collateral kills)
  Mennas (Vaults:2)
  2 liches (Crypt:3)
  3 acid blobs (Slime:5)
  2 tentacled starspawn
  2 deep elf sorcerers
  8 nagarajas (Snake:4)
  A rockslime (Slime:5)
  2 balrugs (Pan)
  A demonspawn corrupter (Pan)
  A vault warden (Vaults:4)
  A draconian annihilator (Pan)
  2 quicksilver oozes
  A reaper (Pan)
  6 very ugly things (Depths:1)
  A demonspawn blood saint (Pan)
  2 deep elf demonologists (Elf:3)
  3 ophanim (Pan)
  2 apis (Pan)
  A deep elf annihilator (Elf:3)
  5 dire elephants
  2 blizzard demons (Pan)
  A merfolk javelineer (Depths:1)
  A merfolk impaler (Shoals:4)
  A deep elf death mage (Elf:3)
  A jiangshi (Crypt:1)
  2 deep elf high priests (Elf:3)
  A great orb of eyes (Slime:5)
  2 yaktaur captains (Vaults:4)
  A merfolk avatar (Abyss:4)
  2 rakshasas (Pan)
  2 vault guards
  2 two-headed ogres (D:15)
  A tengu warrior (D:15)
  6 naga warriors (Snake:4)
  A deep elf knight (Elf:1)
  2 cherubim (Pan)
  2 deep elf archers (Elf:1)
  A glowing orange brain (Slime:5)
  A naga ritualist (Snake:1)
  A lindwurm (Vaults:3)
  2 ironbound convokers
  A phantasmal warrior (Crypt:1)
  2 deep elf zephyrmancers (Elf:1)
  2 shining eyes
  A deep elf pyromancer (D:15)
  An orc sorcerer (Orc:2)
  4 ugly things
  4 elephants
  A moth of wrath (Snake:4)
  10 naga magi
  4 salamanders
  3 black mambas
  A vault sentinel (Vaults:2)
  A guardian serpent (Snake:3)
  2 orange demons
  4 smoke demons (Pan)
  3 large abominations
  A hellion (Pan)
  4 yaktaurs
  A troll (Orc:2)
  3 merfolk (Shoals:4)
  5 blink frogs (Lair:4)
  A polar bear (Lair:5)
  6 hellwings (Pan)
  A dream sheep (Lair:5)
  2 flying skulls (Crypt:1)
  A jumping spider (Vaults:2)
  12 slime creatures
  2 spriggans (Lair:5)
  2 water elementals (Depths:1)
  6 yaks
  A wyvern (Lair:2)
  2 ynoxinuls
  6 golden eyes (Slime:5)
  7 starcursed masses
  2 redbacks (Vaults:2)
  2 neqoxecs (Pan)
  27 nagas
  An ogre (D:15)
  4 wolves (Lair:5)
  An orc wizard (Orc:2)
  A white imp (Abyss:3)
  8 orcs
  2 kobolds (D:1)
  A ball python (D:1)
  A fire vortex (Pan)
  A snaplasher vine (Depths:1)
  2 starspawn tentacles (Abyss:4)
242 creatures vanquished.

Vanquished Creatures (others)
  A lich (Pan)
  An eldritch tentacle (Abyss:4)
  An Executioner (Pan)
  A tengu reaver (Vaults:5)
  3 deep elf annihilators (Pan)
  2 green deaths (Pan)
  A merfolk impaler (Shoals:4)
  A rakshasa (Pan)
  A catoblepas (shapeshifter) (Vaults:5)
  An anaconda (Snake:3)
  A deep elf knight (Elf:1)
  An ironbound convoker (Vaults:1)
  3 wizards
  A vault sentinel (Vaults:5)
  An orange demon (Pan)
  A smoke demon (Pan)
  A hellwing (Pan)
  A blink frog (Elf:3)
  A ynoxinul (Pan)
  A yak (D:10)
  2 large abominations
  A naga (Snake:1)
  An orc warrior (Bailey)
  A black bear (D:5)
  A kobold brigand (Bailey)
  A wight (D:6)
  4 orc wizards
  3 orcs
  15 ball lightnings (Pan)
  37 fungi
  35 plants
  34 snaplasher vines
  18 starspawn tentacles
  2 toadstools (D:13)
180 creatures vanquished.

Grand Total: 1927 creatures vanquished

Notes
Turn   | Place    | Note
-------+----------+-------------------------------------------
     0 | D:1      | M4edhros the Octopode Artificer began the quest for the
                  | Orb.
     0 | D:1      | Reached XP level 1. HP: 13/13 MP: 1/1
   178 | D:1      | Reached XP level 2. HP: 18/18 MP: 2/2
   217 | D:1      | Reached skill level 1 in Unarmed Combat
   304 | D:3      | Reached XP level 3. HP: 22/23 MP: 3/3
   323 | D:3      | Found a glowing silver altar of Zin.
   523 | D:3      | Noticed Jessica
   530 | D:3      | Killed Jessica
   531 | D:3      | Reached XP level 4. HP: 21/29 MP: 4/4
   671 | D:4      | Found Mereh's Armour Shop.
   809 | D:5      | Entered Level 5 of the Dungeon
   815 | D:4      | Noticed a scorpion
   822 | D:4      | Killed a scorpion
   823 | D:4      | Reached XP level 5. HP: 19/34 MP: 5/5
   884 | D:4      | Found Eclut's Book Shoppe.
  1049 | D:6      | Reached XP level 6. HP: 41/41 MP: 6/6
  1091 | D:6      | Noticed Sigmund
  1091 | D:6      | Noticed an orc warrior
  1093 | D:6      | Killed Sigmund
  1094 | D:6      | Killed an orc warrior
  1095 | D:6      | Reached XP level 7. HP: 22/46 MP: 7/7
  1244 | D:7      | Reached skill level 5 in Stealth
  1244 | D:7      | Reached skill level 5 in Evocations
  1253 | D:7      | Reached XP level 8. HP: 52/52 MP: 8/8
  1262 | D:7      | Reached skill level 5 in Unarmed Combat
  1358 | D:7      | Reached skill level 1 in Short Blades
  1607 | D:5      | Reached skill level 5 in Dodging
  1622 | D:5      | Noticed Ijyb
  1629 | D:5      | Reached XP level 9. HP: 55/59 MP: 9/9
  1641 | D:5      | Killed Ijyb
  1752 | D:5      | Found a runed translucent gate.
  1753 | D:5      | Found a runed translucent gate.
  1754 | D:5      | Found a runed translucent gate.
  1756 | D:5      | Noticed degerharde's ghost (novice MiMo)
  2285 | D:7      | Found a staircase to the Ecumenical Temple.
  2302 | Temple   | Entered the Ecumenical Temple
  2302 | Temple   | Found a transporter.
  2302 | Temple   | Found a transporter.
  2304 | Temple   | Found a transporter.
  2304 | Temple   | Found a transporter.
  2317 | Temple   | Became a worshipper of Cheibriados the Contemplative
  2664 | D:2      | Learned a level 2 spell: Wereblood
  3153 | D:9      | Reached skill level 5 in Fighting
  3153 | D:9      | Reached skill level 1 in Transmutations
  3181 | D:9      | Reached * piety under Cheibriados
  3182 | D:9      | Found a flagged portal.
  3202 | Bailey   | Entered a bailey
  3318 | Bailey   | Reached skill level 10 in Stealth
  3318 | Bailey   | Reached XP level 10. HP: 66/66 MP: 10/10
  3329 | Bailey   | Found a bloodstained altar of Trog.
  3405 | D:9      | Found a staircase to the Lair.
  3447 | D:9      | Found a large runed translucent door.
  3447 | D:9      | Found a large runed translucent door.
  3457 | D:9      | Reached ** piety under Cheibriados
  3497 | D:9      | Noticed LetschGu's ghost (novice DrTm)
  3599 | D:8      | Noticed Pikel
  3623 | D:8      | Killed Pikel
  3624 | D:8      | Reached skill level 2 in Shields
  3662 | D:8      | Reached skill level 3 in Shields
  3731 | D:8      | Noticed an ice statue
  3758 | D:8      | Found a shimmering blue altar of Sif Muna.
  3867 | D:10     | Entered Level 10 of the Dungeon
  3906 | D:10     | Reached skill level 4 in Shields
  3918 | D:10     | Reached *** piety under Cheibriados
  3976 | D:10     | Reached skill level 5 in Shields
  4027 | D:10     | Noticed Sonja
  4034 | D:10     | Killed Sonja
  4035 | D:10     | Reached skill level 6 in Shields
  4035 | D:10     | Reached XP level 11. HP: 72/72 MP: 11/11
  4073 | D:10     | Reached skill level 7 in Shields
  4081 | D:10     | Noticed Fannar
  4095 | D:10     | Killed Fannar
  4096 | D:10     | Reached skill level 8 in Shields
  4121 | D:10     | Noticed a two-headed ogre
  4127 | D:10     | Killed a two-headed ogre
  4128 | D:10     | Reached skill level 9 in Shields
  4135 | D:10     | Found a radiant altar of Vehumet.
  4208 | D:11     | Noticed Maurice
  4238 | D:11     | Killed Maurice
  4238 | D:11     | Reached **** piety under Cheibriados
  4244 | D:11     | Noticed Josephine
  4250 | D:11     | Killed Josephine
  4251 | D:11     | Reached skill level 10 in Shields
  4325 | D:11     | Noticed a cyclops
  4334 | D:11     | Killed a cyclops
  4341 | D:11     | Noticed a centaur warrior
  4345 | D:11     | Killed a centaur warrior
  4346 | D:11     | Reached skill level 11 in Shields
  4351 | D:11     | Noticed a boulder beetle
  4372 | D:11     | Killed a boulder beetle
  4386 | D:11     | Noticed a boulder beetle
  4412 | D:11     | Killed a boulder beetle
  4413 | D:11     | Reached XP level 12. HP: 66/77 MP: 12/12
  4421 | D:11     | Noticed a two-headed ogre
  4425 | D:11     | Killed a two-headed ogre
  4426 | D:11     | Reached skill level 12 in Shields
  4480 | D:11     | Noticed a boulder beetle
  4507 | D:11     | Killed a boulder beetle
  4532 | D:11     | Noticed a tengu warrior
  4535 | D:11     | Killed a tengu warrior
  4582 | D:11     | Reached skill level 13 in Shields
  4697 | D:11     | Reached ***** piety under Cheibriados
  4755 | D:12     | Noticed a two-headed ogre
  4762 | D:12     | Killed a two-headed ogre
  4777 | D:11     | Identified the +5 trident "Wosoh" {flame, rF+ rN+}
  4828 | D:11     | Found a staircase to the Orcish Mines.
  4859 | Orc:1    | Entered Level 1 of the Orcish Mines
  4913 | Orc:1    | Found Xajamang's Distillery.
  4939 | Orc:1    | Bought a potion of berserk rage for 80 gold pieces
  4939 | Orc:1    | Bought a potion of might for 64 gold pieces
  4939 | Orc:1    | Bought a potion of lignification for 48 gold pieces
  4939 | Orc:1    | Bought a potion of lignification for 48 gold pieces
  4939 | Orc:1    | Bought a potion of curing for 48 gold pieces
  4965 | Orc:2    | Entered Level 2 of the Orcish Mines
  4974 | Orc:2    | Reached skill level 1 in Invocations
  5141 | Orc:2    | Found a staircase to the Elven Halls.
  5166 | Orc:2    | Found Beot's Antique Weapon Boutique.
  5331 | Orc:1    | Paralysed by an orc sorcerer for 3 turns
  5342 | Orc:1    | Reached ****** piety under Cheibriados
  5344 | Orc:1    | Noticed an orc warlord
  5352 | Orc:1    | Killed an orc warlord
  5353 | Orc:1    | Reached skill level 5 in Invocations
  5353 | Orc:1    | Reached XP level 13. HP: 18/82 MP: 1/16
  5553 | D:13     | Found a gate leading to a gauntlet.
  5575 | Gauntlet | Entered a Gauntlet
  5575 | Gauntlet | Noticed a blizzard demon
  5575 | Gauntlet | Found a transporter.
  5575 | Gauntlet | Found a transporter.
  5575 | Gauntlet | Found a transporter.
  5577 | Gauntlet | Found a transporter.
  5590 | Gauntlet | Found a transporter.
  5596 | Gauntlet | Found a transporter.
  5600 | Gauntlet | Found a transporter.
  5615 | Gauntlet | Noticed a great orb of eyes
  5618 | Gauntlet | Found a transporter.
  5625 | Gauntlet | Found a transporter.
  5638 | Gauntlet | Found a transporter.
  5644 | Gauntlet | Found a transporter.
  5652 | Gauntlet | Found a transporter.
  5848 | Gauntlet | Learned a level 1 spell: Slow
  5857 | Gauntlet | Identified the +2 ring mail "Mogef" {rF++ rC+ Will++}
  5857 | Gauntlet | Noticed a minotaur
  5872 | Gauntlet | Killed a minotaur
  6069 | D:13     | Learned a level 4 spell: Summon Lightning Spire
  6083 | D:13     | Found a snail-covered altar of Cheibriados.
  6101 | D:13     | Found a gate to the Vaults.
  6138 | D:13     | Reached skill level 1 in Summonings
  6138 | D:13     | Reached skill level 1 in Air Magic
  6422 | D:13     | Noticed Frances
  6434 | D:13     | Killed Frances
  6632 | D:14     | Found a portal to a secret trove of treasure.
  6754 | D:14     | Found a stormy altar of Qazlal.
  6798 | D:14     | Found Qid Bos's Antique Weapon Boutique.
  6950 | D:14     | Reached skill level 10 in Dodging
  7006 | D:14     | Reached skill level 5 in Summonings
  7006 | D:14     | Reached skill level 5 in Air Magic
  7109 | D:13     | Noticed Rupert
  7283 | Lair:1   | Entered Level 1 of the Lair of Beasts
  7316 | Lair:1   | Reached XP level 14. HP: 88/88 MP: 17/17
  7328 | Lair:1   | Found a runed translucent gate.
  7328 | Lair:1   | Found a runed translucent gate.
  7329 | Lair:1   | Found a runed translucent gate.
  7334 | Lair:1   | Noticed Hacuesm's ghost (journeyman TeBe)
  7371 | Lair:1   | Noticed Grum
  7380 | Lair:1   | Killed Grum
  7440 | Lair:1   | Found a frozen archway.
  7451 | IceCv    | Entered an ice cave
  7840 | IceCv    | Noticed a reaper
  7867 | IceCv    | Killed a reaper
  8077 | Lair:2   | Noticed Maggie
  8094 | Lair:2   | Killed Maggie
  8142 | Lair:2   | Learned a level 4 spell: Passage of Golubria
  8273 | Lair:2   | Found a staircase to the Snake Pit.
  8274 | Lair:2   | Reached skill level 1 in Spellcasting
  8360 | Lair:2   | Found a staircase to the Shoals.
  8560 | Lair:4   | Reached skill level 10 in Unarmed Combat
  8678 | Lair:4   | Reached skill level 5 in Spellcasting
  8730 | Lair:5   | Entered Level 5 of the Lair of Beasts
  8809 | Lair:5   | Learned a level 3 spell: Ignite Poison
  8811 | Lair:5   | Found a viscous altar of Jiyva.
  8813 | Lair:5   | Found a staircase to the Slime Pits.
  8832 | Lair:5   | Reached skill level 1 in Poison Magic
  9053 | Lair:5   | Reached skill level 5 in Transmutations
  9077 | Lair:5   | Reached XP level 15. HP: 97/97 MP: 17/22
  9212 | Lair:5   | Identified the +0 robe of Trumpets {Harm rF+ Str+2}
  9416 | Lair:1   | Learned a level 1 spell: Apportation
  9759 | Orc:2    | Found Todo's General Store.
  9774 | Orc:2    | Bought a scroll of teleportation for 51 gold pieces
  9774 | Orc:2    | Bought a potion of curing for 51 gold pieces
  9811 | Orc:2    | Found Ycerch Zestept's Book Emporium.
  9811 | Orc:2    | Found Reobia's Book Boutique.
  9822 | Orc:2    | Bought a book of Ice for 644 gold pieces
  9822 | Orc:2    | Bought the Handbook of the Chill and Terrain for 588 gold
                  | pieces
  9822 | Orc:2    | Bought a book of Party Tricks for 224 gold pieces
  9828 | Orc:2    | Learned a level 4 spell: Leda's Liquefaction
  9834 | Orc:2    | Learned a level 5 spell: Alistair's Intoxication
  9932 | Elf:1    | Entered Level 1 of the Elven Halls
  9959 | Elf:1    | Reached skill level 1 in Earth Magic
 10189 | Elf:1    | Noticed a deep elf sorcerer
 10196 | Elf:1    | Killed a deep elf sorcerer
 10205 | Elf:1    | Reached skill level 5 in Earth Magic
 10373 | Elf:2    | Found Hywal's Book Emporium.
 10573 | Elf:3    | Entered Level 3 of the Elven Halls
 10637 | Elf:3    | Noticed a deep elf elementalist
 10679 | Elf:3    | Killed a deep elf elementalist
 10686 | Elf:3    | Noticed a deep elf blademaster
 10696 | Elf:3    | Killed a deep elf blademaster
 10700 | Elf:3    | Noticed a deep elf master archer
 10702 | Elf:3    | Noticed a deep elf blademaster
 10705 | Elf:3    | Killed a deep elf master archer
 10712 | Elf:3    | Killed a deep elf blademaster
 10713 | Elf:3    | Reached skill level 5 in Poison Magic
 10713 | Elf:3    | Reached XP level 16. HP: 10/105 MP: 14/25
 10769 | Elf:3    | Noticed a deep elf master archer
 10777 | Elf:3    | Noticed a deep elf master archer
 10898 | Elf:3    | Killed a deep elf master archer
 10913 | Elf:3    | Noticed a deep elf master archer
 10916 | Abyss:3  | Cast into level 3 of the Abyss (a deep elf demonologist)
 10938 | Abyss:3  | Learned a level 5 spell: Summon Forest
 10944 | Abyss:3  | Identified the amulet "Aveant" {RegenMP +Inv rN+ Dex-4}
 10951 | Abyss:3  | Found a shimmering blue altar of Sif Muna.
 11059 | Abyss:3  | Noticed a tentacled starspawn
 11070 | Abyss:3  | Killed a tentacled starspawn
 11193 | Abyss:3  | Found a corrupted altar of Lugonu.
 11234 | Abyss:3  | Noticed a tentacled starspawn
 11246 | Abyss:3  | Killed a tentacled starspawn
 11249 | Elf:3    | Escaped the Abyss
 11264 | Elf:3    | Killed a deep elf master archer
 11295 | Elf:3    | Noticed a Tzitzimitl
 11301 | Elf:3    | Noticed a Hell Sentinel
 11303 | Abyss:3  | Found a corrupted altar of Lugonu.
 11303 | Abyss:3  | Cast into level 3 of the Abyss (a deep elf demonologist)
 11332 | Abyss:3  | Found a corrupted altar of Lugonu.
 11363 | Elf:3    | Escaped the Abyss
 11463 | Elf:3    | Identified the +5 plate armour of the Evil One {rElec
                  | Stlth+}
 11463 | Elf:3    | Identified the ring of the Cursing Gods {rC+ Int+3}
 11546 | Elf:3    | Identified the +5 sling "Quyliqes" {elec, *Corrode rN++
                  | SInv Stlth+}
 11607 | Elf:3    | Got the Anthology of the Cure and the Evil Eye
 11621 | Elf:3    | Got Ulagak's Octavo of Bruises
 11839 | D:15     | Entered Level 15 of the Dungeon
 11949 | D:15     | Reached XP level 17. HP: 24/109 MP: 11/30
 11994 | D:15     | Reached skill level 10 in Summonings
 12104 | D:15     | Learned a level 6 spell: Statue Form
 12115 | D:15     | Found a staircase to the Depths.
 12390 | Snake:1  | Entered Level 1 of the Snake Pit
 12634 | Snake:3  | Reached skill level 10 in Spellcasting
 12695 | Snake:3  | Identified a scroll of acquirement
 12697 | Snake:3  | Acquired the +3 tower shield of Grand Mirth {Drain rC+
                  | Int+4 Dex+3}
 12759 | Snake:4  | Entered Level 4 of the Snake Pit
 13259 | Snake:4  | Reached skill level 14 in Shields
 13269 | Snake:4  | Reached XP level 18. HP: 116/116 MP: 14/32
 13297 | Snake:4  | Reached skill level 10 in Transmutations
 13322 | Snake:4  | Got a serpentine rune of Zot
 13508 | Snake:3  | Found Highaffu's Armour Shoppe.
 13510 | Snake:3  | Found Aliozy Nuatt's Jewellery Emporium.
 13619 | Snake:4  | Found a transporter.
 13626 | Snake:4  | Found a bloodstained altar of Trog.
 13626 | Snake:4  | Noticed Wacat's ghost (adept TrFi)
 13647 | Snake:4  | Killed Wacat's ghost
 13662 | Snake:4  | Found a transporter.
 13668 | Snake:4  | Identified the amulet "Hooteusk" {Reflect rPois rC++ SH+5}
 14078 | Snake:1  | Noticed Agnes
 14085 | Snake:1  | Killed Agnes
 14126 | Snake:1  | Reached skill level 15 in Shields
 14541 | D:13     | Killed Rupert
 14542 | D:13     | Reached skill level 10 in Earth Magic
 14592 | D:14     | You paid a toll of 16 scrolls of teleportation to enter a
                  | treasure trove
 14593 | Trove    | Entered a treasure trove
 14598 | Trove    | Found the +18 shield of the Gong {rElec rN+ Will+ EV-5}
 14602 | Trove    | Identified the +0 hat of Kuaj {+Blink rN+ MP+9}
 14609 | Trove    | Identified the ring of Cid Cel {Str+6 Stlth+}
 14612 | Trove    | Identified the ring "Jyhatienyr" {rC+ MP+9 Int+4}
 14632 | Trove    | Identified the +5 battleaxe of Pyromania {heavy, MP-9 Str+5
                  | Int+4}
 14665 | D:14     | trove 16tele scrolls, worth it?
 14904 | Shoals:1 | Entered Level 1 of the Shoals
 14959 | Shoals:3 | Reached skill level 15 in Summonings
 14998 | Shoals:4 | Entered Level 4 of the Shoals
 14998 | Shoals:4 | Noticed Bai Suzhen
 15008 | Shoals:4 | Killed Bai Suzhen
 15088 | Shoals:4 | Got a barnacled rune of Zot
 15287 | Slime:1  | Entered Level 1 of the Pits of Slime
 15323 | Slime:3  | Reached XP level 19. HP: 122/122 MP: 33/33
 15361 | Slime:5  | Entered Level 5 of the Pits of Slime
 15399 | Slime:5  | Noticed the Royal Jelly
 15521 | Slime:5  | Reached skill level 16 in Shields
 15542 | Slime:5  | Found a viscous altar of Jiyva.
 15563 | Slime:5  | Killed the Royal Jelly
 15564 | Slime:5  | Reached skill level 10 in Fighting
 15607 | Slime:5  | Identified the ring "Qucwer" {rC- Will++ MP+9 Str-2 Dex+9}
 15626 | Slime:5  | Identified the amulet "Huwnirr" {Spirit -Cast rPois Will++
                  | SInv}
 15650 | Slime:5  | Got the Cyclopedia of Virulent Stolen Souls
 15650 | Slime:5  | Got the Information on Pneumatic Shapes
 15651 | Slime:5  | Got a slimy rune of Zot
 15675 | Slime:5  | Identified the +11 spear "Hygyffi" {venom, rPois}
 15725 | Slime:5  | Identified the +2 war axe of the End {spect, Will++}
 16136 | Vaults:1 | Entered Level 1 of the Vaults
 16149 | Vaults:2 | Noticed Mennas
 16160 | Vaults:2 | Killed Mennas
 16455 | Vaults:3 | Noticed Mara
 16532 | Vaults:3 | You fall into a shaft and drop 1 floor!
 16591 | Vaults:5 | Entered Level 5 of the Vaults
 16616 | Vaults:4 | Reached XP level 20. HP: 135/135 MP: 35/35
 16678 | Vaults:5 | Noticed a dread lich
 16723 | Vaults:4 | Killed a dread lich
 16749 | Vaults:5 | Reached skill level 17 in Shields
 16750 | Vaults:5 | Noticed a Brimstone Fiend
 16778 | Vaults:5 | Noticed a dread lich
 16799 | Vaults:4 | Killed a dread lich
 16949 | Vaults:4 | Identified the ring of Ennical {Fly Str+2}
 16949 | Vaults:4 | Identified the amulet of Skepticism {Spirit Slay+2}
 17079 | Vaults:5 | Identified the ring "Bupahoru" {rCorr Int+3 Dex+4 Slay+3}
 17084 | Vaults:5 | Noticed a golden dragon
 17157 | Vaults:4 | Killed a golden dragon
 17161 | Vaults:4 | Reached XP level 21. HP: 142/142 MP: 37/37
 17182 | Vaults:5 | Noticed a golden dragon
 17227 | Vaults:4 | Killed a golden dragon
 17363 | Vaults:5 | Got a silver rune of Zot
 17372 | Vaults:5 | Identified the ring of Circularity {Fire Drain rN++}
 17503 | Vaults:5 | Identified the +1 robe "Ulyeparo" {rC+}
 17560 | Vaults:5 | Got a silver rune of Zot
 17647 | Vaults:4 | Found a transporter.
 17679 | Vaults:4 | Found a transporter.
 17888 | Vaults:4 | Identified the +0 plate armour "Zaogaacafy" {Will+}
 18140 | Vaults:2 | Noticed Asterion
 18147 | Vaults:2 | Killed Asterion
 18460 | Vaults:1 | Reached skill level 10 in Invocations
 18494 | Vaults:1 | Learned a level 8 spell: Lehudib's Crystal Spear
 18953 | Vaults:3 | Noticed Boris
 18966 | Vaults:3 | Killed Boris
 18974 | Vaults:3 | Noticed M4edhros's illusion
 18981 | Vaults:3 | Killed Mara
 18982 | Vaults:3 | Reached XP level 22. HP: 151/151 MP: 39/39
 19068 | Vaults:3 | Reached skill level 1 in Conjurations
 19094 | Vaults:3 | Found a staircase to the Crypt.
 19102 | Crypt:1  | Entered Level 1 of the Crypt
 19155 | Crypt:1  | Reached skill level 18 in Shields
 19262 | Crypt:1  | Found a burning altar of Makhleb.
 19539 | Crypt:3  | Entered Level 3 of the Crypt
 19593 | Crypt:3  | Noticed a curse toe
 19637 | Crypt:3  | Killed a curse toe
 19668 | Crypt:3  | Noticed Zenata
 19677 | Crypt:3  | Noticed Khufu
 19678 | Crypt:3  | Noticed a royal mummy
 20011 | Vaults:2 | Identified the +6 sling of the Baking Gods {heavy, Str+4
                  | Stlth+}
 20278 | Depths:1 | Entered Level 1 of the Depths
 20278 | Depths:1 | Noticed the Enchantress
 20283 | Depths:1 | Killed the Enchantress
 20287 | Depths:1 | Reached skill level 15 in Dodging
 20334 | Depths:1 | Reached XP level 23. HP: 131/159 MP: 40/40
 20353 | Depths:1 | Found an ornate altar of the Wu Jian Council.
 20398 | Depths:1 | Reached skill level 5 in Conjurations
 20473 | Depths:2 | Found a one-way gate leading to the halls of Pandemonium.
 20518 | Depths:2 | Learned a level 7 spell: Spellforged Servitor
 20521 | Pan      | Entered Pandemonium
 20573 | Pan      | Noticed Icitryh the pandemonium lord
 20583 | Pan      | Killed Icitryh the pandemonium lord
 20693 | Pan      | Entered the realm of Lom Lobon.
 21112 | Pan      | Noticed Lom Lobon
 21120 | Pan      | Got a magical rune of Zot
 21258 | Pan      | Acquired the -1 hat of Grot {rF+}
 21259 | Pan      | Acquired Ipaegen's Cyclopedia of the Weathered Pyre
 21322 | Pan      | Noticed Tekin the pandemonium lord
 21353 | Pan      | Killed Tekin the pandemonium lord
 21451 | Pan      | Noticed a golden dragon
 21458 | Pan      | Noticed Uziew the pandemonium lord
 21469 | Pan      | Reached XP level 24. HP: 92/167 MP: 12/40
 21478 | Pan      | Killed Uziew the pandemonium lord
 21479 | Pan      | Reached skill level 19 in Shields
 21490 | Pan      | Got a demonic rune of Zot
 21590 | Pan      | Identified the +10 mace of Ruination {freeze, Int+6}
 21592 | Pan      | Noticed Lom Lobon
 21697 | Pan      | Found an exit through the horrors of the Abyss.
 21881 | Pan      | Noticed Xiki the pandemonium lord
 21923 | Pan      | Identified the +3 tower shield "Piuxuill" {Int+4}
 21960 | Pan      | Found a glowing silver altar of Zin.
 22005 | Pan      | Found a white marble altar of Elyvilon.
 22266 | Pan      | Noticed a seraph
 22276 | Pan      | Killed a seraph
 22322 | Pan      | Found a glowing golden altar of the Shining One.
 22331 | Pan      | Got the Enchiridion on the Vile Traveller
 22337 | Pan      | Identified the ring of the Real Monster {Will+ Dex+4}
 22341 | Pan      | Identified the +6 war axe of the Puffball {flame, Will+
                  | rCorr Int+5}
 22358 | Depths:2 | Escaped Pandemonium
 22380 | Pan      | Entered Pandemonium
 22404 | Pan      | Found an exit through the horrors of the Abyss.
 22417 | Pan      | Took an exit into the Abyss.
 22417 | Abyss:3  | Escaped into the Abyss
 22417 | Abyss:3  | Found a corrupted altar of Lugonu.
 22534 | Abyss:3  | Found a shimmering blue altar of Sif Muna.
 22536 | Abyss:3  | Found a shimmering blue altar of Sif Muna.
 22669 | Abyss:4  | Gained mutation: You are weak. (Str -2) [a neqoxec]
 22673 | Abyss:4  | Gained mutation: You occasionally shout uncontrollably at
                  | your foes. [a neqoxec]
 22695 | Abyss:4  | Found a corrupted altar of Lugonu.
 22766 | Abyss:4  | Got an abyssal rune of Zot
 22776 | Abyss:4  | Reached skill level 15 in Fighting
 22784 | Depths:2 | Escaped the Abyss
 22817 | Pan      | Entered the realm of Mnoleg.
 22817 | Pan      | Entered Pandemonium
 22822 | Pan      | Got a glowing rune of Zot
 22838 | Pan      | Gained mutation: You are partially covered in iridescent
                  | scales. (AC +2) [a cacodemon]
 22871 | Pan      | Entered the realm of Cerebov.
 22998 | Pan      | Found the +6 sword of Cerebov {flame}
 22998 | Pan      | Noticed Cerebov
 23013 | Pan      | Reached XP level 25. HP: 69/174 MP: 40/40
 23013 | Pan      | Slain by Cerebov

Illustrated notes

##.....# #..###'## ##.###...##
#..##.....##
##########.##..8.8..#
...........##.......#
........#####..8.8..# ........#
#)##.....## ........###..##.@.##
.........##...######
.........##........#
############
...................#
#...........
......###.#........#
#.########## .....##
#.#........###.......>..# ###..#
#.#####.##...............
#.....#...........####.....^....
#.......##..#..#######..........


Turn 14665 on D:14: trove 16tele scrolls, worth it?

Levels and vault maps discovered:
D:1:      spicycebolla_arrival_ecumenical, layout_basic, minmay_close_crescents
D:2:      layout_loops_corners, basic_altar
D:3:      layout_basic, lemuel_doored_altar, minmay_misc_feat_doors,
          serial_bayou_crossing, uniq_jessica, uniq_crazy_yiuf_cottage
D:4:      layout_gridville, serial_shops, shop, nicolae_stop_n_shop_1,
          st_stairs_7
D:5:      layout_basic, gammafunk_ghost_split, uniq_ijyb
D:6:      layout_basic, uniq_sigmund
D:7:      layout_cave_pools, temple_statues
D:8:      lemuel_ice_statue, layout_basic, mainiacjoe_overflow_small_starburst,
          uniq_pikel
D:9:      layout_basic, grunt_lair_entry_orc_guard_hut, enter_bailey_2,
          ebering_ghost_disaster_area
D:10:     layout_basic, mainiacjoe_overflow_brackets, uniq_fannar, uniq_sonja
D:11:     nicolae_hexawheel, layout_basic, david_orc_2, uniq_maurice,
          uniq_josephine
D:12:     layout_roguey
D:13:     layout_loops_ring, david_vaults_2, gauntlet_entry_generic,
          minmay_gold_behind_fungi, slow_altar_1, uniq_frances, uniq_azrael,
          uniq_rupert
D:14:     minmay_inner_zag, layout_rooms, nicolae_qazlal_general_emergency,
          nicolae_trove_entry_path_of_doom, serial_shops, nicolae_square_shop
D:15:     grunt_enter_depths_snipers, layout_long_grid, minmay_misc_feat_x
Temple:   hellmonk_temple_divided_pantheon
Lair:1:   layout_cave_pods, portal_ice_cave_entry_pillars_2, basic_altar,
          gammafunk_ghost_necromancy, grunt_megastairs_2, uniq_grum
Lair:2:   layout_regular_city, nicolae_shoals_entry_roost,
          minmay_snake_entry_guardpost_medium, infiniplex_staircase_pool_2,
          uniq_maggie
Lair:3:   layout_misc_corridors, grunt_megastairs_5, lemuel_fruit_fields,
          serial_bayou_shore_b, lemuel_fruit_tree, serial_bayou_shore_a
Lair:4:   layout_concentric_octagons, grunt_forest_stairs_basic
Lair:5:   minmay_lair_end_enchanted_forest, layout_gridlike, slime_entry_1,
          grunt_forest_small_clearing_treed
Shoals:1: layout_shoals, uniq_donald
Shoals:2: layout_shoals, serial_shops, nicolae_shop_behind_doors, shop, shop,
          nicolae_shop_statue_plus, nicolae_shoals_arrival_archipelago
Shoals:3: layout_shoals, nicolae_shoals_lost_giant_hut
Shoals:4: shoals_end_grunt_ice, layout_shoals, uniq_bai_suzhen
Snake:1:  layout_gridlike, special_room, nicolae_large_snake_swirl, uniq_louise,
          uniq_kirke, uniq_agnes
Snake:2:  layout_chambers, serial_bayou_lagoon_b, serial_bayou_shore_b
Snake:3:  layout_chambers, minmay_shoptagon, grunt_megastairs_3,
          serial_bayou_shore_b, uniq_aizul, uniq_vashnia
Snake:4:  grunt_snake_rune_spirals, layout_onion,
          gammafunk_ghost_wrathful_warriors
Slime:1:  layout_caves
Slime:2:  layout_caves
Slime:3:  layout_caves
Slime:4:  layout_caves, cheibrodos_slime_lost_civilization_6
Slime:5
Orc:1:    layout_caves, serial_shops,
          nicolae_shop_temple_entry_statues_fountains, gammafunk_ghost_arena,
          mines1_david
Orc:2:    st_orc_town, layout_caves, mines5_lemuel
Elf:1:    layout_gridlike, basic_altar, hangedman_elf_disciples
Elf:2:    nicolae_elf_blades_splatter_lattice [nicolae_blade_bullseye],
          layout_geoelf_octagon, serial_shops, nicolae_shop_behind_doors
Elf:3:    minmay_elf_hall_circle, layout_geoelf_diagonals, minivault_4
Vaults:1: nicolae_vaults_network_star, v_misc_29, hangedman_vaults_variations,
          ontoclasm_vaults_loading_screen, v_pattern_3, v_alt_pattern_3,
          ontoclasm_vaults_hangar, hangedman_vaults_stitches, st_squares,
          hangedman_vaults_cutoff, nicolae_vaults_theta,
          hangedman_vaults_impose, ontoclasm_vaults_shuriken,
          vaults_dpeg_encased_lava, vaults_dpeg_ring,
          nicolae_vaults_diagonal_hallway_8, layout_vaults_ring, serial_shops,
          nicolae_shop_trees, shop, shop
Vaults:2: vaults_room_mumra_shop_pool, nicolae_vaults_network_square,
          vaults_mumra_chevron, v_misc_5, v_misc_19,
          nicolae_vaults_specimen_jars, nicolae_vaults_stairing_the_circle,
          vaults_room_door_hall, layout_vaults_chaotic_city, uniq_asterion,
          uniq_mennas
Vaults:3: nicolae_vaults_disjoint_gnomons, ontoclasm_vaults_fault,
          nicolae_vaults_yaktaur_gun_rack, nicolae_vaults_murderbox,
          minmay_crypt_entry_skeletal_spiral, nicolae_vaults_mini_display_case,
          v_misc_9, vaults_mumra_minichess, v_alt_pattern_2,
          vaults_room_door_ring, vaults_mumra_chevron_long,
          nicolae_vaults_bisected_slash, vaults_mumra_lcd,
          nicolae_vaults_gold_heap, vaults_room_semicircle,
          layout_vaults_big_cross, uniq_mara, uniq_boris
Vaults:4: gammafunk_its_a_trap, v_alt_pattern_2,
          nicolae_vaults_little_squares_3, vaults_room_door_hall,
          nicolae_vaults_little_squares_1, v_rooms_6, vaults_dpeg_hooks,
          v_misc_8, layout_vaults_omnigrid
Vaults:5
Crypt:1:  layout_regular_city, lemuel_hellish_altar,
          grunt_crypt_arrival_guarded_gate
Crypt:2:  layout_chaotic_city, lemuel_elevator
Crypt:3:  david_glass_crypt, layout_basic, uniq_khufu, uniq_zenata, uniq_vv
Depths:1: layout_cave_pools, nzn_wu_jian_council_hall, grunt_mini_vestibule,
          serial_shops, shop_scrolls, nicolae_diode_basic, uniq_sojobo,
          uniq_enchantress
Depths:2: minmay_eyes, layout_gridlike, enter_ziggurat_d,
          rand_demon_pan_entry_3, hangedman_decor_opposing,
          hangedman_coc_ice_floe, chequers_serial_rivers_room_b,
          infiniplex_staircase_pool_lava
Pan:      nicolae_pan_hourglass, layout_grid_shapes, evilmike_mini_pan_thingy,
          layout_gridlike, lom_lobon, layout_onion_city,
          pan_blood_fountain_small, pan_blood_fountain, rand_demon_8,
          layout_rooms, evilmike_mini_pan_3x3, layout_gridville,
          nicolae_pan_mnolegish_5, rand_demon_5, layout_pan_divisions_b
          [pan_division_quadrant_b5, pan_division_quadrant_b5,
          pan_division_quadrant_b6, pan_division_quadrant_b3],
          pan_blood_fountain_small, rand_demon_4, layout_basic, uniq_lom_lobon,
          evilmike_holy_pan, evilmike_mini_pan_corner, layout_long_grid,
          uniq_lom_lobon, mnoleg_grunt_wretched_star, layout_basic,
          nicolae_pan_mnolegish_5, cerebov_grunt_fire_and_steel,
          layout_long_grid

Skill      XL: |  1  2  3  4  5  6  7  8  9 10 11 12 13 14 15 16 17 18 19 20 21 22 23 24 |
---------------+-------------------------------------------------------------------------+-----
Unarmed Combat | 1 2 3 4 5 6 8 10 11 12 13 14 | 14.4
Stealth        | 2 3 4 5 7 10 11 14 | 14.5
Fighting       | 2 3 4 5 7 8 11 12 13 14 15 | 15.0
Dodging        | 3 4 5 6 7 8 10 11 12 13 14 15 16 | 16.3
Evocations     | 4 5 6 7 |  7.0
Short Blades   | 2 3 4 |  4.0
Transmutations | 2 4 5 8 9 10 | 10.0
Shields        | 6 11 13 14 15 16 17 18 19 | 19.4
Invocations    | 5 7 10 12 | 12.0
Summonings     | 5 6 9 13 15 | 15.0
Air Magic      | 5 6 |  6.5
Spellcasting   | 5 6 9 10 11 12 13 | 13.8
Poison Magic   | 3 5 8 |  8.0
Earth Magic    | 6 8 10 11 12 | 12.9
Conjurations   | 4 6 8 |  8.2

Action                   |  1- 3 |  4- 6 |  7- 9 | 10-12 | 13-15 | 16-18 | 19-21 | 22-24 | 25-27 || total
-------------------------+-------+-------+-------+-------+-------+-------+-------+-------+-------++-------
Melee: Unarmed           |    59 |       |       |       |   704 |   559 |   785 |  1022 |     1 ||  3130
       Tentacles         |    18 |    15 |    68 |   167 |   436 |   224 |   330 |   422 |     1 ||  1681
       Constrict         |    18 |    11 |    44 |    74 |   165 |   107 |    94 |   161 |       ||   674
       Dagger            |    11 |    47 |   239 |   466 |   539 |       |       |       |       ||  1302
       Punch             |     1 |     3 |    11 |    41 |   122 |    64 |   106 |   148 |       ||   496
Throw: Dart              |       |       |       |    34 |    20 |     6 |       |     1 |       ||    61
 Cast: Wereblood         |       |       |     1 |     2 |       |       |       |       |       ||     3
       Summon Lightning  |       |       |       |       |    43 |    81 |    33 |    68 |       ||   225
       Apportation       |       |       |       |       |     1 |    34 |    53 |    41 |       ||   129
       Alistair's Intoxi |       |       |       |       |     1 |     1 |     5 |       |       ||     7
       Leda's Liquefacti |       |       |       |       |     1 |       |       |       |       ||     1
       Summon Forest     |       |       |       |       |       |    15 |    13 |    24 |       ||    52
       Statue Form       |       |       |       |       |       |    47 |    60 |    88 |       ||   195
       Passage of Golubr |       |       |       |       |       |       |     2 |     1 |       ||     3
       Spellforged Servi |       |       |       |       |       |       |       |     5 |       ||     5
Invok: Slouch            |       |       |       |     3 |     5 |    11 |    16 |    16 |       ||    51
       Step From Time    |       |       |       |       |       |       |     1 |       |       ||     1
 Abil: Evoke Blink       |       |       |       |       |       |       |       |     3 |       ||     3
Evoke: Wand              |     4 |    10 |    22 |    39 |     6 |     3 |     6 |       |       ||    90
       Phantom mirror    |       |       |       |       |       |       |     1 |       |       ||     1
  Use: Scroll            |       |       |    16 |     7 |    10 |     7 |     3 |    10 |       ||    53
       Potion            |       |       |       |     3 |    12 |     1 |     5 |     6 |       ||    27
 Stab: Sleeping          |     2 |     5 |    15 |    28 |    30 |     8 |     4 |     9 |       ||   101
       Distracted        |       |       |     1 |     1 |    21 |    29 |    15 |    38 |       ||   105
       Paralysed         |       |       |       |       |     2 |       |       |       |       ||     2
Armor: Skin              |     7 |     6 |    44 |    47 |   112 |    82 |   223 |   179 |       ||   700
Dodge: Dodged            |    62 |    38 |   276 |   322 |   829 |   544 |  1557 |  1541 |     2 ||  5171
Block: Kite shield       |       |       |       |   452 |  1505 |   241 |       |       |       ||  2198
       Tower shield      |       |       |       |       |       |   712 |  2122 |  2450 |       ||  5284

Table legend: (Time is in decaauts)
 A = Elapsed time spent in this place.
 B = Non-inter-level travel time spent in this place.
 C = Inter-level travel time spent in this place.
 D = Time resting spent in this place.
 E = Time spent auto-exploring this place.
 F = Levels seen in this place.
 G = Mean time per level.
                   A        B        C        D        E       F      G
               +--------+--------+--------+--------+--------+-----+--------+
         Total |  40757 |  33867 |   6890 |     97 |    177 |  68 |  599.4 |
       Dungeon |  10643 |   7261 |   3382 |     33 |     43 |  15 |  709.5 |
        Temple |     34 |     34 |      0 |      0 |      0 |   1 |   34.0 |
          Lair |   3523 |   2465 |   1058 |      0 |      0 |   5 |  704.6 |
        Shoals |    546 |    464 |     82 |     10 |      0 |   4 |  136.5 |
     Snake Pit |   4292 |   3354 |    938 |      0 |    108 |   4 | 1073.0 |
    Slime Pits |    978 |    880 |     98 |      0 |      0 |   5 |  195.6 |
  Orcish Mines |   1464 |   1291 |    173 |      0 |      0 |   2 |  732.0 |
   Elven Halls |   2349 |   2175 |    174 |     21 |      0 |   3 |  783.0 |
        Vaults |   6920 |   6067 |    853 |      0 |     25 |   5 | 1384.0 |
         Crypt |   1543 |   1424 |    119 |      0 |      0 |   3 |  514.3 |
        Depths |    547 |    537 |     10 |      0 |      0 |   2 |  273.5 |
         Abyss |   1488 |   1488 |      0 |      0 |      0 |   4 |  372.0 |
   Pandemonium |   4672 |   4672 |      0 |      0 |      0 |  11 |  424.7 |
         Trove |    106 |    106 |      0 |      0 |      0 |   1 |  106.0 |
        Bailey |    179 |    179 |      0 |      0 |      0 |   1 |  179.0 |
      Ice Cave |    731 |    731 |      0 |      6 |      0 |   1 |  731.0 |
      Gauntlet |    735 |    735 |      0 |     27 |      0 |   1 |  735.0 |
               +--------+--------+--------+--------+--------+-----+--------+

Top non-repeatable levels by time:
Vaults:4: 2127 daAuts
 Snake:4: 1759 daAuts
Vaults:2: 1643 daAuts
    D:10: 1615 daAuts
Vaults:3: 1424 daAuts
    D:14: 1180 daAuts
    D:11: 1127 daAuts
 Crypt:1: 1111 daAuts
 Abyss:3: 1100 daAuts
  Lair:5: 1089 daAuts
    D:13: 1041 daAuts
   Orc:2: 1027 daAuts
   Elf:3: 987 daAuts
  Lair:2: 951 daAuts
 Snake:1: 917 daAuts
